 Dungeon Crawl Stone Soup version 0.30-a0-122-g2a1322497e (webtiles) character file.

Game seed: 2598603547909899287

3740 zishaf the Fighter (level 10, -3/91 HPs)
             Began as a Ghoul Warper on Sept 15, 2022.
             Was an Initiate of Nemelex Xobeh.
             Slain by a killer bee (7 damage)
             ... on level 8 of the Dungeon.
             The game lasted 00:14:02 (10702 turns).

zishaf the Fighter (Ghoul Warper)                  Turns: 10702, Time: 00:14:02

Health: -3/91      AC:  8    Str: 20    XL:     10   Next: 15%
Magic:  13/13      EV: 11    Int:  8    God:    Nemelex Xobeh [......]
Gold:   291        SH:  4    Dex:  8    Spells: 12/12 levels left

rFire   . . .      SeeInvis .    t - +1 hand axe of Lipn {elec, rPois rC++}
rCold   + + +      Faith    .    m - +0 buckler
rNeg    + + +      Spirit   .    y - +0 steam dragon scales
rPois   ∞          Reflect  .    (no helmet)
rElec   .          Harm     .    (no cloak)
rCorr   .          Rampage  .    u - +0 pair of gloves
Will    .....                    o - +1 pair of boots
Stlth   +.........               (no amulet)
HPRegen 0.00/turn                (no ring)
MPRegen 0.13/turn                (no ring)

@: inhibited regen
A: claws 1, cold resistance 1, negative energy resistance 3, inhibited
regeneration, torment resistance 2, devour on kill
a: Renounce Religion, Draw Escape, Draw Destruction, Draw Summoning


You were on level 8 of the Dungeon.
You worshipped Nemelex Xobeh.
Nemelex Xobeh was noncommittal.
You visited 2 branches of the dungeon, and saw 9 of its levels.

You collected 407 gold pieces.
You spent 116 gold pieces at shops.

Inventory:

Hand Weapons
 f - a +4 trident
 k - a +3 whip of venom
 t - the +1 hand axe of Lipn (weapon) {elec, rPois rC++}
   (You found it on level 3 of the Dungeon)

   It occasionally discharges a powerful burst of electricity upon striking a
   foe.
   rC:        It greatly protects you from cold.
   rPois:     It protects you from poison.
Missiles
 c - 7 boomerangs of dispersal (quivered)
 j - 7 boomerangs
Armour
 a - a +0 leather armour
 m - a +0 buckler (worn)
 n - a +0 ring mail
 o - a +1 pair of boots (worn)
 u - a +0 pair of gloves (worn)
 y - +0 steam dragon scales (worn)
Jewellery
 p - a ring of magical power
Wands
 g - a wand of flame (10)
 i - a wand of light (26)
 w - a wand of paralysis (7)
Scrolls
 b - 2 scrolls of blinking
 d - 3 scrolls of identify
 l - a scroll of silence
 s - 3 scrolls of fog
 x - a scroll of teleportation
Potions
 e - 2 potions of haste
 h - a potion of magic
 q - a potion of brilliance
 r - 3 potions of curing
 v - 3 potions of berserk rage {unknown}
 z - a potion of flight


   Skills:
 + Level 9.5 Fighting
 + Level 5.4 Axes
 - Level 0.8 Throwing
 - Level 3.0 Armour
 - Level 3.0 Dodging
 - Level 4.0 Shields
 - Level 2.1 Unarmed Combat
 - Level 1.7 Spellcasting
 - Level 2.6 Translocations
 * Level 6.3 Invocations
 + Level 3.7 Evocations


You had 12 spell levels left.
You didn't know any spells.
Your spell library contained the following spells:

 Spells                   Type           Power      Damage    Failure   Level
 Blink                    Tloc           10%        N/A       24%         2
 Magic Dart               Conj           0%         1d3       43%         1
 Gell's Gravitas          Tloc           5%         N/A       43%         3
 Lesser Beckoning         Tloc           5%         N/A       43%         3
 Teleport Other           Tloc           5%         N/A       43%         3
 Call Imp                 Summ           0%         N/A       56%         2
 Cigotuvi's Dreadful Rot  Necr/Pois/Air  0%         N/A       56%         2
 Poisonous Vapours        Pois/Air       0%         N/A       56%         2
 Mephitic Cloud           Conj/Pois/Air  0%         N/A       80%         3
 Summon Guardian Golem    Hex/Summ       0%         N/A       80%         3
 Manifold Assault         Tloc           5%         N/A       83%         4
 Passage of Golubria      Tloc           5%         N/A       83%         4
 Silence                  Hex/Air        0%         N/A       100%        5
 Orb of Destruction       Conj           0%         9d5       100%        7
 Spellforged Servitor     Conj/Summ      0%         N/A       100%        7
 Lehudib's Crystal Spear  Conj/Erth      0%         10d2      100%        8


Dungeon Overview and Level Annotations

Branches:
Dungeon (8/15)             Temple (1/1) D:4
   Lair: D:8-11

Altars:
Ashenzari
Cheibriados
Dithmenos
Fedhas
Gozag
Hepliaklqana
Kikubaaqudgha
Makhleb
Nemelex Xobeh
Okawaru
Qazlal
Sif Muna
Trog
Uskayaw
Vehumet
Wu Jian
Xom
Yredelemnul
Ignis

Shops:
D:1 (*!?   D:2 [   D:6 (


Innate Abilities, Weirdness & Mutations

You are immune to poison.
You have sharp fingernails.
Your flesh is cold resistant. (rC+)
You are immune to negative energy. (rN+++)
You do not regenerate when monsters are visible.
You are immune to unholy pain and torment.
You thrive by killing the living.


Message History

The killer bee is lightly wounded.
You hit the killer bee.
Lightning courses through the killer bee!
You kill the killer bee!
The killer bee barely misses you. x2; The killer bee stings you.
You barely miss the killer bee.
The killer bee is lightly wounded.
You miss the killer bee. You block the killer bee's attack.
The killer bee barely misses you. The killer bee stings you.
The killer bee stings you but does no damage. x2
You block the killer bee's attack.
You hit the killer bee.
The killer bee is lightly wounded.
You barely miss the killer bee. The killer bee barely misses you.
The killer bee stings you. The killer bee closely misses you.
The killer bee stings you!
You barely miss the killer bee.
The killer bee is lightly wounded.
You barely miss the killer bee.
The killer bee stings you but does no damage. x2
The killer bee completely misses you. The killer bee stings you.
* * * LOW HITPOINT WARNING * * *
You miss the killer bee.
The killer bee is lightly wounded.
You barely miss the killer bee. The killer bee misses you.
The killer bee stings you.
* * * LOW HITPOINT WARNING * * *
The killer bee barely misses you. The killer bee stings you!
* * * LOW HITPOINT WARNING * * *
You slash the killer bee!
The killer bee is severely wounded.
You hit the killer bee. The killer bee stings you.
* * * LOW HITPOINT WARNING * * *
The killer bee stings you.
* * * LOW HITPOINT WARNING * * *
The killer bee stings you.
* * * LOW HITPOINT WARNING * * *
The killer bee stings you!
You die...
Your body disappears without a glow.

#########......#
#......##
#.......#
#...)...#
#.......#
#.......#
#.......#
#######.## #y@#
##y## #yy#
#.y.......
#.........
#.........
......#...
.......#...
##...### ..


You could see 5 killer bees.

Vanquished Creatures
  A steam dragon (D:7)
  Menkaure (D:6)
  3 vampire mosquitoes (D:7)
  Duvessa (D:6)
  3 water moccasins
  3 orc warriors
  A black bear (D:7)
  An ice beast (D:8)
  An ogre (D:6)
  3 centaurs
  A phantom (D:5)
  A kobold brigand (D:6)
  2 necrophages
  A bullfrog (D:7)
  A gnoll sergeant (D:5)
  A scorpion (D:5)
  8 wights
  Dowan (D:6)
  4 killer bees
  3 jellies
  3 hounds
  3 orc priests
  3 iguanas (D:5)
  5 orc wizards
  11 gnolls
  11 adders
  A white imp (D:5)
  2 ufetubi
  6 dart slugs
  25 orcs
  6 endoplasms
  3 giant cockroaches
  17 goblins
  9 hobgoblins
  5 jackals (D:1)
  7 quokkas
  5 ball pythons
  2 bats
  A frilled lizard (D:1)
  13 kobolds
  6 rats
185 creatures vanquished.

Vanquished Creatures (others)
  A plant (D:6)
1 creature vanquished.

Grand Total: 186 creatures vanquished

Notes
Turn   | Place    | Note
-------+----------+-------------------------------------------
     0 | D:1      | zishaf the Ghoul Warper began the quest for the Orb.
     0 | D:1      | Reached XP level 1. HP: 17/17 MP: 2/2
    74 | D:1      | Reached skill level 1 in Armour
   219 | D:1      | Found Zane's Distillery.
   224 | D:1      | Reached XP level 2. HP: 25/25 MP: 3/3
   227 | D:1      | Found Jeebuy's Magic Scroll Shop.
   320 | D:1      | Found Dasiwn's Weapon Emporium.
   465 | D:1      | Found Aneadeck's General Store.
   566 | D:1      | Reached skill level 3 in Fighting
   596 | D:1      | Reached XP level 3. HP: 31/31 MP: 4/4
  1229 | D:2      | Reached XP level 4. HP: 34/38 MP: 5/5
  1231 | D:2      | You fall into a shaft and drop 1 floor!
  1840 | D:2      | Reached skill level 4 in Fighting
  1942 | D:2      | Found a faded altar of an unknown god.
  2008 | D:2      | Found Cafog's Armour Shop.
  2041 | D:2      | Bought a +0 pair of boots for 58 gold pieces
  2417 | D:3      | Noticed a centaur
  2418 | D:3      | Found a stormy altar of Qazlal.
  2438 | D:3      | Reached XP level 5. HP: 43/46 MP: 6/6
  2453 | D:3      | Killed a centaur
  2454 | D:3      | Reached skill level 1 in Shields
  2522 | D:3      | Identified the +1 hand axe of Lipn {elec, rPois rC++}
  2598 | D:2      | Bought a +0 pair of gloves for 58 gold pieces
  3038 | D:4      | Reached XP level 6. HP: 28/55 MP: 7/7
  3252 | D:4      | Reached skill level 5 in Fighting
  3596 | D:4      | Reached skill level 1 in Axes
  3653 | D:4      | Reached XP level 7. HP: 41/61 MP: 8/8
  3754 | D:4      | Found a basalt altar of Yredelemnul.
  3761 | D:4      | Found a hazy altar of Hepliaklqana.
  3762 | D:4      | Found a radiant altar of Vehumet.
  3765 | D:4      | Found an ornate altar of the Wu Jian Council.
  3892 | D:4      | Found a staircase to the Ecumenical Temple.
  3902 | Temple   | Entered the Ecumenical Temple
  4165 | D:5      | Entered Level 5 of the Dungeon
  4628 | D:5      | Reached skill level 6 in Fighting
  4999 | D:5      | Reached XP level 8. HP: 34/71 MP: 9/9
  5008 | D:5      | Reached skill level 7 in Fighting
  6661 | D:6      | Reached skill level 8 in Fighting
  6850 | D:6      | Found Pisea's Hydra Hut.
  6854 | D:6      | Noticed a four-headed hydra
  6922 | D:6      | Noticed Menkaure
  6927 | D:6      | Killed Menkaure
  6931 | D:6      | Found a sparkling altar of Nemelex Xobeh.
  6935 | D:6      | Became a worshipper of Nemelex Xobeh the Trickster
  6986 | D:6      | Reached skill level 1 in Invocations
  6986 | D:6      | Reached skill level 1 in Evocations
  6996 | D:6      | Reached XP level 9. HP: 36/82 MP: 10/10
  7307 | D:6      | Noticed Dowan
  7307 | D:6      | Noticed Duvessa
  7317 | D:6      | Killed Dowan
  7331 | D:6      | Killed Duvessa
  8998 | D:7      | Reached skill level 9 in Fighting
  9359 | D:7      | HP: 4/83 [vampire mosquito (5)]
  9362 | D:7      | Reached skill level 5 in Axes
  9362 | D:7      | Reached skill level 5 in Invocations
 10051 | D:7      | Found an iron altar of Okawaru.
 10236 | D:7      | Reached XP level 10. HP: 67/91 MP: 13/13
 10702 | D:8      | HP: 4/91 [killer bee (3)]
 10702 | D:8      | Slain by a killer bee

Illustrated notes

Levels and vault maps discovered:
D:1:      dpeg_arrival_water_temple_mockup, layout_basic, serial_shops,
          nicolae_shop_competitors_out_of_business, nicolae_shop_statue_plus,
          nicolae_square_shop, nicolae_lakefront_shop
D:2:      layout_rooms, serial_shops, shop, hellmonk_ecumenical_altar_zigzags
D:3:      minmay_angry_zag, layout_rooms, nicolae_qazlal_scattered_showers,
          grunt_decor_resistance, kennysheep_flooded_box
D:4:      minmay_diamond_boxcup, layout_basic, minitemple,
          minmay_temple_entry_enclosed_plants
D:5:      layout_gridville, zin_treasury
D:6:      layout_basic, nemelex_diamond_rough_becter,
          corexii_item_surrounded_by_moat, nicolae_water_bricks,
          nicolae_lava_and_water, minmay_misc_feat_tiny, doesnt_shop_hydraphobe,
          uniq_duvessa, uniq_menkaure
D:7:      layout_cave_pools, okawaru_altar_gauntlet_db
D:8:      cheibrodos_quashed, layout_basic, hangedman_ru_absence,
          david_lair_generic, serial_shops, nicolae_stop_n_shop_1,
          minmay_pinched_square
Temple:   ebering_untended_altars

Skill      XL: |  1  2  3  4  5  6  7  8  9 10 |
---------------+-------------------------------+-----
Armour         | 1 2 3 |  3.0
Dodging        | 2 3 |  3.0
Fighting       | 3 4 5 6 8 9 |  9.5
Shields        | 1 2 4 |  4.0
Axes           | 1 2 4 5 |  5.4
Invocations    | 1 5 6 |  6.3
Evocations     | 1 3 |  3.7
Throwing       | |  0.8
Unarmed Combat | |  2.1
Spellcasting   | |  1.7
Translocations | |  2.6

Action                   |  1- 3 |  4- 6 |  7- 9 | 10-12 || total
-------------------------+-------+-------+-------+-------++-------
Melee: Unarmed           |   134 |   124 |       |       ||   258
       Punch             |     1 |       |       |       ||     1
       Hand axe          |       |    89 |   355 |    44 ||   488
Evoke: Wand              |       |       |     4 |       ||     4
  Use: Scroll            |       |     9 |     8 |       ||    17
       Potion            |       |     5 |     5 |       ||    10
 Stab: Paralysed         |       |       |    10 |       ||    10
Armor: Leather armour    |    36 |    13 |       |       ||    49
       Ring mail         |       |    98 |   154 |       ||   252
       Steam dragon scal |       |       |       |    29 ||    29
Dodge: Dodged            |    70 |   134 |   209 |    43 ||   456
Block: Buckler           |       |    27 |    68 |     8 ||   103

Table legend: (Time is in decaauts)
 A = Elapsed time spent in this place.
 B = Non-inter-level travel time spent in this place.
 C = Inter-level travel time spent in this place.
 D = Time resting spent in this place.
 E = Time spent auto-exploring this place.
 F = Levels seen in this place.
 G = Mean time per level.
                   A        B        C        D        E       F      G
               +--------+--------+--------+--------+--------+-----+--------+
         Total |  10755 |  10464 |    291 |   2143 |   6554 |   9 | 1195.0 |
       Dungeon |  10682 |  10400 |    282 |   2143 |   6517 |   8 | 1335.2 |
        Temple |     72 |     63 |      9 |      0 |     37 |   1 |   72.0 |
               +--------+--------+--------+--------+--------+-----+--------+

Top non-repeatable levels by time:
     D:6: 2851 daAuts
     D:5: 1802 daAuts
     D:4: 1438 daAuts
     D:7: 1364 daAuts
     D:3: 1098 daAuts
     D:1: 1076 daAuts
     D:2: 797 daAuts
     D:8: 252 daAuts
  Temple: 72 daAuts
